[Event "Titled Tuesday Blitz May 16 Late 2023"]
[White "ElDivis"]
[Black "Sun, Rick"]
[BlackFideId "30909481"]
[WhiteElo "2499"]
[BlackElo "2169"]
[Result "1-0"]
[Round "07"]
[TimeControl "180+2"]
[Date "2023.05.16"]
[WhiteClock "0:00:18"]
[BlackClock "0:00:02"]

1. e4 d6 2. d4 Nf6 3. Bd3 e5 4. c3 Nc6 5. Ne2 d5 6. exd5 Qxd5 7. O-O exd4 8. Re1 Be7 9. Nf4 Qd8 10. cxd4 Nxd4 11. Be3 Ne6 12. Nc3 O-O 13. Nfd5 Bc5 14. Bxc5 Nxc5 15. Nxf6+ Qxf6 16. Bxh7+ Kxh7 17. Qh5+ Kg8 18. Qxc5 c6 19. Qe7 Qg6 20. Re3 Bf5 21. Rg3 Qe6 22. Qg5 Bg6 23. h4 Qf5 24. h5 Qxg5 25. Rxg5 Bd3 26. Rd1 Rad8 27. g3 Bc4 28. Rxd8 Rxd8 29. b3 Be6 30. Ne4 Kh7 31. f4 Bd5 32. Nc5 f6 33. Rg4 Bf3 34. Rh4 Rd1+ 35. Kf2 Bd5 36. Ke3 b6 37. Nd7 Bf7 38. Nf8+ Kg8 39. Ng6 Bxg6 40. hxg6 Ra1 41. f5 c5 42. Re4 Re1+ 43. Kf4 Rxe4+ 44. Kxe4 Kf8 45. Kd5 Ke7 46. Kc6 Kd8 47. a4 Kc8 48. Kd6 a6 49. Ke7 b5 50. axb5 axb5 51. Kf7 c4 52. bxc4 bxc4 53. Kxg7 c3 54. Kxf6 c2 55. g7 c1=Q 56. g8=Q+ Kd7 57. Qe6+ Kd8 58. Qe7+ Kc8 59. Qe6+ Kd8 60. g4 Qh6+ 61. Ke5 Qe3+ 62. Kd5 Qd3+ 63. Kc6 Qa6+ 64. Kc5 Qa5+ 65. Kd4 Qd2+ 66. Ke4 Qe2+ 67. Kf4 Qd2+ 68. Qe3 Qh2+ 69. Ke4 Qg2+ 70. Qf3 Qg1 71. Kf4 Qc1+ 72. Kg3 Qg1+ 73. Kh4 Qh2+ 74. Kg5 Ke7 75. Qe4+ Kf8 76. f6 Qd2+ 77. Qf4 Qd5+ 78. Kg6 Qd3+ 79. Qf5 Qc3 80. g5 Ke8 81. Qe6+ Kd8 82. f7 Qd3+ 83. Qf5 Qa3 84. f8=Q+ Kc7 85. Qxa3 Kd8 86. Qd6+ Ke8 87. Qf7# 1-0


[Site "https://www.chess.com"]

[Event "Titled Tuesday Blitz May 16 Late 2023"]
[White "QuiesPrecatio"]
[Black "Rastbod, Ali"]
[BlackFideId "12567477"]
[WhiteElo "2415"]
[BlackElo "2274"]
[Result "0-1"]
[Round "07"]
[TimeControl "180+2"]
[Date "2023.05.16"]
[WhiteClock "0:01:33"]
[BlackClock "0:01:52"]

1. d4 Nf6 2. c4 e6 3. Nf3 Bb4+ 4. Nbd2 O-O 5. g3 b6 6. Bg2 Bb7 7. O-O Re8 8. Qc2 d5 9. Ne5 Nbd7 10. Nd3 Bf8 11. b3 c5 12. dxc5 Nxc5 13. Nxc5 bxc5 14. Bb2 Rc8 15. Rfd1 Be7 16. Nf3 Qb6 17. Ne5 d4 18. e3 Bxg2 19. Kxg2 Red8 20. exd4 cxd4 21. Nd3 a5 22. Rab1 Nd7 23. Qe2 Qb7+ 24. Qf3 Qxf3+ 25. Kxf3 e5 26. Ke4 Bd6 27. f3 g6 28. Nf2 Nc5+ 29. Kd5 Bb8# 0-1


[Site "https://www.chess.com"]

[Event "Titled Tuesday Blitz May 16 Late 2023"]
[White "Rodriguez Santiago, Jaime"]
[Black "Domingo Nunez, Ruben"]
[WhiteFideId "3100898"]
[BlackFideId "22245570"]
[WhiteElo "2025"]
[BlackElo "2404"]
[Result "0-1"]
[Round "07"]
[TimeControl "180+2"]
[Date "2023.05.16"]
[WhiteClock "0:02:15"]
[BlackClock "0:02:52"]

1. c4 g6 2. Nc3 Bg7 3. g3 Nf6 4. Bg2 d6 5. e4 h5 6. h3 c6 7. Nge2 a6 8. d3 b5 9. cxb5 axb5 10. e5 dxe5 11. Nxb5 cxb5 12. Bxa8 Qa5+ 13. Bd2 Qxa8 14. O-O Bxh3 15. f3 Bxf1 16. Qxf1 h4 17. Qh3 Nbd7 18. g4 Qd5 0-1


[Site "https://www.chess.com"]

[Event "Titled Tuesday Blitz May 16 Late 2023"]
[White "Djordjevic, Dejan N"]
[Black "benny_aizenberg"]
[WhiteFideId "913316"]
[WhiteElo "2261"]
[BlackElo "2678"]
[Result "0-1"]
[Round "07"]
[TimeControl "180+2"]
[Date "2023.05.16"]
[WhiteClock "0:00:00"]
[BlackClock "0:00:33"]

1. e4 c5 2. Nc3 Nc6 3. g3 g6 4. Bg2 Bg7 5. Nge2 e6 6. O-O Nge7 7. d3 O-O 8. Be3 d6 9. Qd2 Rb8 10. d4 b6 11. Rad1 Ba6 12. Rfe1 cxd4 13. Nxd4 Ne5 14. b3 Rc8 15. h3 N5c6 16. Ndb5 Nb4 17. Rc1 Nxa2 18. Nxa2 Bxb5 19. c4 Bc6 20. Nb4 Qc7 21. Red1 Rfd8 22. Bf4 a5 23. Nxc6 Nxc6 24. Bxd6 Qd7 25. Bf4 Qxd2 26. Rxd2 Rxd2 27. Bxd2 Nd4 28. Rb1 Rd8 29. Be3 Bf8 30. Kf1 Bc5 31. e5 Nc2 32. Bxc5 bxc5 33. Ke2 Rb8 34. Kd2 Nd4 35. Kc3 a4 36. b4 Ne2+ 37. Kd2 Rxb4 38. Rxb4 cxb4 39. Kxe2 a3 0-1


[Site "https://www.chess.com"]

[Event "Titled Tuesday Blitz May 16 Late 2023"]
[White "Bashkansky, Ethan"]
[Black "Tanenbaum, Zachary"]
[WhiteFideId "2071533"]
[BlackFideId "2060850"]
[WhiteElo "2329"]
[BlackElo "2175"]
[Result "0-1"]
[Round "07"]
[TimeControl "180+2"]
[Date "2023.05.16"]
[WhiteClock "0:00:01"]
[BlackClock "0:00:47"]

1. d4 d5 2. c4 dxc4 3. Nf3 Nf6 4. e3 Bg4 5. Bxc4 e6 6. O-O Nc6 7. Bb5 Bd6 8. h3 Bh5 9. Nbd2 O-O 10. Qa4 Nb4 11. a3 Nbd5 12. e4 Nb6 13. Qb3 Bxf3 14. Qxf3 e5 15. Nb3 exd4 16. Nxd4 Qe7 17. Nf5 Qxe4 18. Nxd6 Qxf3 19. gxf3 cxd6 20. Rd1 a6 21. Bd3 Nbd7 22. Bf4 Ne5 23. Kg2 Rad8 24. Rac1 Rfe8 25. Bg3 Rd7 26. Bf5 Rdd8 27. Rc7 g6 28. Bc2 b5 29. Bb3 d5 30. Ra7 Nc4 31. Bxc4 dxc4 32. Rxa6 Rxd1 0-1


[Site "https://www.chess.com"]

[Event "Titled Tuesday Blitz May 16 Late 2023"]
[White "Papasimakopoulos, Alexandros"]
[Black "Adla, Diego"]
[WhiteFideId "4244125"]
[BlackFideId "100072"]
[WhiteElo "2359"]
[BlackElo "2377"]
[Result "0-1"]
[Round "07"]
[TimeControl "180+2"]
[Date "2023.05.16"]
[WhiteClock "0:00:03"]
[BlackClock "0:00:07"]

1. d4 Nf6 2. c4 e6 3. Nc3 Bb4 4. Qc2 O-O 5. a3 Bxc3+ 6. Qxc3 d6 7. f3 d5 8. Bf4 c5 9. Bxb8 Rxb8 10. cxd5 Nxd5 11. Qxc5 Bd7 12. e4 Rc8 13. Qd6 Ne3 14. Kf2 Qg5 15. h4 Qh6 16. Qxd7 Rfd8 17. Qe7 Rxd4 18. Qg5 Qxg5 19. hxg5 Nd1+ 20. Kg3 Nxb2 21. Ne2 Rd2 22. Nf4 Rc5 23. Kg4 Na4 24. Rb1 b6 25. Rb5 Rc3 26. Rb1 Rc5 27. Nd3 Ra5 28. Rc1 g6 29. Rc7 Rd1 30. Nf2 Rd8 31. Kf4 Nc5 32. Ng4 h5 33. gxh6 e5+ 34. Kg3 Ne6 35. Nf6+ Kh8 36. Rxf7 Ng5 37. Kg4 Nxf7 38. Bc4 Nd6 39. Bd5 Rxa3 40. Rc1 Ne8 41. Ng8 Ra5 42. Ne7 Rc5 43. Ra1 Nf6+ 44. Kg5 Nxd5 45. exd5 a5 46. Rb1 b5 47. Rd1 Rd6 48. Nxg6+ Kh7 49. Ne7 b4 50. Kf5 b3 51. Kxe5 Rxh6 52. Nf5 b2 53. Rb1 Rb6 54. Ne3 Rc1 55. Rxb2 Rxb2 56. d6 Re2 57. Kf4 Rce1 58. Nf5 Re8 59. Nd4 Rd8 60. d7 Rxd7 61. Nc6 Rc1 62. Ne5 Ra7 63. Nd3 a4 64. Nxc1 a3 65. Na2 Rb7 66. Ke3 Rb2 67. Nc1 Rxg2 68. Kd3 a2 69. Nb3 Rg1 70. Ke4 a1=Q 71. Nxa1 Rxa1 72. Kf5 Rf1 73. f4 Kg7 74. Kg5 Kf7 75. Kf5 Rf2 76. Ke5 Kg6 77. Ke4 Kf6 78. Ke3 Rf1 79. Ke4 Ke6 0-1


[Site "https://www.chess.com"]

[Event "Titled Tuesday Blitz May 16 Late 2023"]
[White "Harshavardhan G B"]
[Black "koncheto"]
[WhiteFideId "25059009"]
[WhiteElo "2323"]
[BlackElo "2568"]
[Result "0-1"]
[Round "07"]
[TimeControl "180+2"]
[Date "2023.05.16"]
[WhiteClock "0:02:17"]
[BlackClock "0:01:18"]

1. d4 Nf6 2. c4 e6 3. Nc3 c5 4. d5 exd5 5. cxd5 d6 6. e4 g6 7. Bd3 Bg7 8. Nge2 O-O 9. O-O Na6 10. Bg5 Nc7 11. a4 Re8 12. f4 Bg4 13. h3 Bxe2 14. Nxe2 c4 15. Bc2 a6 16. Kh1 b5 17. Nd4 Qd7 18. Re1 Nfxd5 19. axb5 h6 20. exd5 Rxe1+ 21. Qxe1 Bxd4 22. Bxh6 Re8 23. Qg3 Re3 24. Qg5 Rxh3+ 0-1


[Site "https://www.chess.com"]

[Event "Titled Tuesday Blitz May 16 Late 2023"]
[White "Goltsev, Dmitry"]
[Black "Karttunen, Mika"]
[WhiteFideId "24176710"]
[BlackFideId "502081"]
[WhiteElo "2356"]
[BlackElo "2396"]
[Result "1/2-1/2"]
[Round "07"]
[TimeControl "180+2"]
[Date "2023.05.16"]
[WhiteClock "0:00:08"]
[BlackClock "0:00:13"]

1. e4 c5 2. Nf3 d6 3. d4 cxd4 4. Nxd4 Nf6 5. Nc3 a6 6. Be2 e5 7. Nb3 Be7 8. O-O O-O 9. f4 b5 10. a3 Bb7 11. Bf3 Nbd7 12. Be3 exf4 13. Bxf4 Ne5 14. Qd4 Rc8 15. Bxe5 dxe5 16. Qxe5 Re8 17. Rad1 Qb6+ 18. Qd4 Qxd4+ 19. Rxd4 Bxa3 20. bxa3 Rxc3 21. e5 Bxf3 22. exf6 Bh5 23. Rd2 Bg6 24. Nd4 Rxa3 25. h4 h5 26. Nc6 gxf6 27. Rxf6 a5 28. Rd5 a4 29. Rxb5 Rc3 30. Ne5 Kg7 31. Ra6 a3 32. Nxg6 fxg6 33. Rb7+ Kh6 34. Raa7 Rh8 35. Kh2 Rxc2 36. Rxa3 Rc4 37. Kh3 Rc6 38. Raa7 Rd6 39. Rc7 Rd3+ 40. g3 Rd6 41. Ra3 Re6 42. Rd3 Rf6 43. Re3 Rd6 44. Ree7 Rf6 45. Rc3 Rd6 46. g4 hxg4+ 47. Kxg4 Rd4+ 48. Kg3 Rd6 49. Rcc7 Rd3+ 50. Kf2 Rd6 51. Rc4 Rf6+ 52. Kg3 Rd6 53. Kf4 Rd1 54. Rcc7 Rf1+ 55. Kg4 Rg1+ 56. Kh3 Rh1+ 57. Kg3 Rg1+ 58. Kh2 Ra1 59. Rc6 Ra2+ 60. Kg3 Ra3+ 61. Kf2 Ra2+ 62. Ke3 Ra3+ 63. Kd2 Ra2+ 64. Kc3 Ra4 65. Ree6 Rg8 66. Re7 Rxh4 67. Kd3 Rf4 68. Ke3 Rff8 69. Rcc7 Kg5 70. Rc5+ Rf5 71. Rc6 Rd8 72. Rg7 Rf6 73. Rc5+ Kh6 74. Rcc7 Re6+ 75. Kf4 Rf8+ 76. Kg4 Re4+ 77. Kg3 Re3+ 78. Kg4 Re4+ 79. Kg3 Re1 80. Kg4 Rg1+ 81. Kh3 Re1 82. Kg4 Rg1+ 83. Kh3 Rf5 84. Rh7+ Kg5 85. Rhd7 Rg4 86. Rd3 Rf1 87. Rc5+ Rf5 88. Rc6 Re5 89. Rxg6+ Kxg6 90. Kxg4 Kf6 91. Rf3+ Ke6 92. Rf4 Rd5 93. Rf8 Kd6 94. Rd8+ Kc5 95. Rg8 Kc4 96. Kf3 Rd3+ 97. Ke2 Rd7 98. Rc8+ Kb5 99. Ke3 Kb6 100. Ke4 Kb7 101. Rc4 Rc7 102. Rb4+ Kc6 103. Ke5 Kc5 104. Rb1 Re7+ 105. Kf6 Re2 106. Rc1+ Kb4 107. Kf5 Kb3 108. Kf4 Kb2 109. Rc8 Re7 110. Rb8+ Kc3 111. Kf5 Kc2 112. Kf6 Re1 113. Ra8 Kb3 114. Kf5 Kc3 115. Kf4 Kb3 116. Kf3 Kc3 117. Kf2 Re7 118. Rc8+ Kb4 119. Kf3 Kb5 120. Kf4 Kb6 121. Kf5 Kb7 122. Rc2 Re1 123. Kf6 Kb6 124. Kf5 Kb5 125. Kf4 Kb4 126. Rc8 Kb5 127. Kf3 Re7 1/2-1/2


[Site "https://www.chess.com"]

[Event "Titled Tuesday Blitz May 16 Late 2023"]
[White "Bitoon, Richard"]
[Black "Sargsyan, Anna M."]
[WhiteFideId "5201110"]
[BlackFideId "13308130"]
[WhiteElo "2374"]
[BlackElo "2284"]
[Result "1-0"]
[Round "07"]
[TimeControl "180+2"]
[Date "2023.05.16"]
[WhiteClock "0:02:53"]
[BlackClock "0:02:15"]

1. e4 c6 2. d4 d5 3. Nc3 dxe4 4. Nxe4 Bf5 5. Ng3 Bg6 6. N1e2 Nf6 7. Nf4 e5 8. Nxg6 hxg6 9. dxe5 Qa5+ 10. Bd2 Qxe5+ 11. Qe2 Nbd7 12. Qxe5+ Nxe5 13. f4 Ned7 14. O-O-O Ng4 15. Re1+ Kd8 16. Bc4 f5 17. Bf7 Rh6 18. Re8+ 1-0


[Site "https://www.chess.com"]

[Event "Titled Tuesday Blitz May 16 Late 2023"]
[White "Simonian, Hrair"]
[Black "Przybylski, Wojciech"]
[WhiteFideId "13302337"]
[BlackFideId "1117599"]
[WhiteElo "2447"]
[BlackElo "2222"]
[Result "1-0"]
[Round "07"]
[TimeControl "180+2"]
[Date "2023.05.16"]
[WhiteClock "0:00:14"]
[BlackClock "0:00:00"]

1. e4 e5 2. Nf3 Nc6 3. Bb5 Nf6 4. O-O Nxe4 5. Re1 Nd6 6. Nxe5 Be7 7. Bf1 Nf5 8. c3 O-O 9. d4 d5 10. Nxc6 bxc6 11. Bf4 Bd6 12. Bg3 Nxg3 13. hxg3 Qf6 14. Nd2 c5 15. Nf3 cxd4 16. cxd4 Bg4 17. Qb3 Be6 18. Rac1 Rfb8 19. Qc2 h6 20. Re3 Rb4 21. a3 Rb6 22. b4 a5 23. b5 a4 24. Ne5 Qe7 25. Bd3 Bxa3 26. Ra1 Bd6 27. Rxa4 Rxa4 28. Qxa4 Qe8 29. Qc2 Rb8 30. Nc6 Ra8 31. Bf5 Qd7 32. Bxe6 fxe6 33. Qg6 Re8 34. g4 Qf7 35. Qd3 Qf4 36. Qg6 Qf7 37. Qc2 Qf4 38. Ne5 Qxd4 39. Qg6 Re7 40. Qh5 Qf4 41. g3 Qf6 42. Ng6 Rf7 43. Re2 e5 44. Nxe5 Bxe5 45. Qxe5 Qxe5 46. Rxe5 Rd7 47. f4 Kf7 48. Kf2 d4 49. Ke2 d3+ 50. Kd2 Rd4 51. Rc5 Rd7 52. Rc3 Rd5 53. Rxc7+ Kg8 54. b6 Kh7 55. b7 Rb5 56. Kxd3 Rb3+ 57. Kc4 Rb1 58. Kd5 Kg6 59. Ke6 Re1+ 60. Kd7 Rb1 61. Kc8 Rb3 62. b8=Q 1-0


[Site "https://www.chess.com"]

[Event "Titled Tuesday Blitz May 16 Late 2023"]
[White "Vakhlamov, Igor L."]
[Black "Erzhanov, Arman"]
[WhiteFideId "24126748"]
[BlackFideId "4138821"]
[WhiteElo "2407"]
[BlackElo "2138"]
[Result "1-0"]
[Round "07"]
[TimeControl "180+2"]
[Date "2023.05.16"]
[WhiteClock "0:00:33"]
[BlackClock "0:00:50"]

1. e4 d6 2. d4 Nf6 3. Nc3 c6 4. Nf3 Bg4 5. h3 Bxf3 6. Qxf3 e6 7. Bd3 d5 8. O-O dxe4 9. Nxe4 Nxe4 10. Qxe4 Nd7 11. c3 Nf6 12. Qh4 Be7 13. Re1 Qd5 14. Re5 Qd8 15. Re2 Nd5 16. Qg3 Bf6 17. Bd2 a5 18. a4 O-O 19. Rae1 g6 20. Qf3 Bg7 21. g3 Qf6 22. Qe4 Rfd8 23. Bb1 Rd7 24. h4 h5 25. Bg5 Qf5 26. Qg2 Qg4 27. f3 Bxd4+ 28. cxd4 Qxd4+ 29. Kh2 Qxa4 30. g4 Nf4 31. Bxf4 Qxf4+ 32. Kh3 hxg4+ 33. fxg4 Rad8 34. Qg3 Qxg3+ 35. Kxg3 Rd4 36. h5 gxh5 37. gxh5 Kg7 38. Rf1 Rh8 39. Re5 Rd5 40. Rxd5 cxd5 41. Kg4 Rc8 42. Kg5 Rh8 43. Rc1 Rh6 44. Rc7 Rf6 45. Rxb7 Rf1 46. h6+ Kf8 47. Rb8+ Ke7 48. h7 f6+ 49. Kg4 Rg1+ 50. Kf3 Rxb1 51. h8=Q Kd6 52. Qd8+ Ke5 53. Qc7+ Kf5 54. Qf4+ Kg6 55. Qg4+ Kf7 56. Qg8+ Ke7 57. Qf8+ Kd7 58. Rd8+ Kc6 59. Qd6+ Kb5 60. Rb8+ Kc4 61. Qc6+ Kd3 62. Qc3# 1-0


[Site "https://www.chess.com"]

[Event "Titled Tuesday Blitz May 16 Late 2023"]
[White "De La Colina, Nicolas"]
[Black "Perske, Thore"]
[WhiteFideId "30946921"]
[BlackFideId "12902195"]
[WhiteElo "2046"]
[BlackElo "2336"]
[Result "0-1"]
[Round "07"]
[TimeControl "180+2"]
[Date "2023.05.16"]
[WhiteClock "0:00:01"]
[BlackClock "0:00:06"]

1. e4 e6 2. d4 d5 3. Nd2 c5 4. Ngf3 a6 5. exd5 exd5 6. dxc5 Bxc5 7. Nb3 Bb6 8. Bd3 Nf6 9. O-O O-O 10. Bg5 h6 11. Bh4 Nc6 12. c3 g5 13. Bg3 Ne4 14. Bxe4 dxe4 15. Ne5 Nxe5 16. Bxe5 Qxd1 17. Raxd1 Re8 18. Bg3 f5 19. Bd6 f4 20. Bc5 Bc7 21. Rfe1 Kf7 22. Rd4 Bf5 23. Nd2 Rad8 24. Rxd8 Rxd8 25. Nc4 b5 26. Nb6 Rd2 27. Na8 Be5 28. Ba3 a5 29. Nb6 b4 30. cxb4 axb4 31. Nc4 bxa3 32. Nxe5+ Ke6 33. Nc4 Rc2 34. Nxa3 Rxb2 35. Nb5 Rxb5 0-1


[Site "https://www.chess.com"]

[Event "Titled Tuesday Blitz May 16 Late 2023"]
[White "Petrovic, Aleksa"]
[Black "MKlose11"]
[WhiteFideId "967629"]
[WhiteElo "2309"]
[BlackElo "2666"]
[Result "1-0"]
[Round "07"]
[TimeControl "180+2"]
[Date "2023.05.16"]
[WhiteClock "0:01:08"]
[BlackClock "0:01:54"]

1. d4 Nf6 2. c4 c5 3. d5 b5 4. cxb5 a6 5. e4 d6 6. Nc3 g6 7. a4 Bg7 8. Nf3 O-O 9. Be2 Nbd7 10. O-O axb5 11. Bxb5 Ba6 12. Re1 Ne8 13. Bc6 Rb8 14. Ra3 Nc7 15. Rb3 Bc4 16. Rxb8 Nxb8 17. e5 Nxc6 18. dxc6 dxe5 19. Qxd8 Rxd8 20. Nxe5 e6 21. Nxc4 Nd5 22. Nxd5 exd5 23. c7 Rc8 24. Nd6 Rxc7 25. Re8+ Bf8 26. Bh6 1-0


[Site "https://www.chess.com"]

[Event "Titled Tuesday Blitz May 16 Late 2023"]
[White "Pasti, Aron"]
[Black "Arabidze, Meri"]
[WhiteFideId "785857"]
[BlackFideId "13604040"]
[WhiteElo "2173"]
[BlackElo "2405"]
[Result "1-0"]
[Round "07"]
[TimeControl "180+2"]
[Date "2023.05.16"]
[WhiteClock "0:00:53"]
[BlackClock "0:00:01"]

1. e4 c5 2. Nf3 e6 3. d4 cxd4 4. Nxd4 Nc6 5. Nc3 a6 6. Be3 Nf6 7. g4 Bb4 8. Bg2 d5 9. Nxc6 bxc6 10. g5 Nd7 11. Qd4 Bf8 12. exd5 cxd5 13. O-O-O Bb7 14. Rhe1 Rc8 15. Nxd5 Nc5 16. Qc3 Ne4 17. Nf6+ Qxf6 18. Qxc8+ Bxc8 19. gxf6 Nxf6 20. Bc6+ Bd7 21. Rxd7 Nxd7 22. Rd1 Bb4 23. Rxd7 O-O 24. c3 Ba5 25. Bc5 Rc8 26. b4 Rxc6 27. bxa5 h5 28. Bb4 g5 29. Rd6 Rc4 30. Rxa6 Rh4 31. Ra8+ Kg7 32. a6 Rxh2 33. a7 Rxf2 34. Rd8 h4 35. a8=Q h3 36. Rg8+ Kf6 37. Qd8+ Kf5 38. Qxg5+ Ke4 39. Qh4+ 1-0


[Site "https://www.chess.com"]

[Event "Titled Tuesday Blitz May 16 Late 2023"]
[White "Papayan, Oleg"]
[Black "Camilla_Lee"]
[WhiteFideId "4193911"]
[WhiteElo "2171"]
[BlackElo "2624"]
[Result "0-1"]
[Round "07"]
[TimeControl "180+2"]
[Date "2023.05.16"]
[WhiteClock "0:00:01"]
[BlackClock "0:00:18"]

1. e4 e5 2. Nf3 Nc6 3. Bb5 f5 4. d3 fxe4 5. dxe4 Nf6 6. O-O Bc5 7. Qe2 Nd4 8. Nxd4 Bxd4 9. Bc4 Qe7 10. c3 Bb6 11. Bg5 d6 12. a4 a6 13. a5 Ba7 14. Nd2 Be6 15. Kh1 O-O 16. f3 h6 17. Bxf6 Rxf6 18. Bxe6+ Qxe6 19. Qc4 Qxc4 20. Nxc4 Kf7 21. Ra3 Ke6 22. Rb3 Rb8 23. Rd1 Rf7 24. Rd3 Rd7 25. Nb6 Bxb6 26. axb6 c6 27. c4 d5 28. cxd5+ cxd5 29. exd5+ Rxd5 30. Rxd5 Kxd5 31. Rc3 g5 32. Rc7 h5 33. Kg1 e4 34. fxe4+ Kxe4 35. Rg7 Kf4 36. Kf2 Rd8 37. Rf7+ Kg4 38. h3+ Kh4 39. Rxb7 Rd2+ 40. Kf3 Rxb2 41. Rh7 Rb3+ 42. Kf2 Rxb6 43. g4 Kxh3 44. gxh5 g4 45. Rg7 a5 46. Rg6 Rb2+ 47. Kf1 Rb5 48. h6 Rh5 49. Ra6 a4 50. Rxa4 Rxh6 51. Kg1 Rc6 52. Ra8 Rc3 53. Ra7 Kg3 54. Ra6 Rc1# 0-1


[Site "https://www.chess.com"]

[Event "Titled Tuesday Blitz May 16 Late 2023"]
[White "D`Arruda, Ricardo D."]
[Black "Tisaj, Domen"]
[WhiteFideId "100692"]
[BlackFideId "14628708"]
[WhiteElo "2427"]
[BlackElo "2340"]
[Result "1-0"]
[Round "07"]
[TimeControl "180+2"]
[Date "2023.05.16"]
[WhiteClock "0:00:31"]
[BlackClock "0:00:21"]

1. d4 d5 2. Nf3 e6 3. c4 Nf6 4. Nc3 b6 5. e3 Bb7 6. cxd5 exd5 7. Bd3 Nbd7 8. O-O Bd6 9. a3 O-O 10. Qc2 a6 11. Re1 Re8 12. Bd2 Ne4 13. Rad1 Ndf6 14. Bc1 Rc8 15. Ne5 Bxe5 16. dxe5 Rxe5 17. Nxe4 Nxe4 18. f3 Nf6 19. e4 d4 20. f4 Rh5 21. e5 Nd5 22. Be4 Qh4 23. g3 Qe7 24. Rxd4 c5 25. Rxd5 Bxd5 26. Bxd5 Rd8 27. Bf3 Rh6 28. f5 Rhd6 29. Bf4 Rd4 30. e6 fxe6 31. fxe6 Rf8 32. Be4 h5 33. Be5 Qd8 34. Bxd4 Qxd4+ 35. Kg2 h4 36. e7 Re8 37. Bg6 Qd5+ 38. Qe4 Qd2+ 39. Re2 h3+ 40. Kxh3 Qd8 41. exd8=Q 1-0


[Site "https://www.chess.com"]

[Event "Titled Tuesday Blitz May 16 Late 2023"]
[White "Karimov, Alisher"]
[Black "Mickiewicz, Piotr"]
[WhiteFideId "14700280"]
[BlackFideId "1114891"]
[WhiteElo "2186"]
[BlackElo "2246"]
[Result "1-0"]
[Round "07"]
[TimeControl "180+2"]
[Date "2023.05.16"]
[WhiteClock "0:00:34"]
[BlackClock "0:00:00"]

1. d4 Nf6 2. Nc3 d5 3. Bf4 a6 4. e3 c5 5. dxc5 Nc6 6. Nf3 Bg4 7. h3 Bxf3 8. Qxf3 e6 9. e4 Nd4 10. Qd3 dxe4 11. Nxe4 Nxe4 12. Qxe4 f5 13. Qd3 Bxc5 14. O-O-O O-O 15. Be3 e5 16. Qc4+ Kh8 17. Qxc5 Rc8 18. Qxe5 Rxc2+ 19. Kb1 Rxb2+ 20. Ka1 1-0


[Site "https://www.chess.com"]

[Event "Titled Tuesday Blitz May 16 Late 2023"]
[White "Buchenau, Frank"]
[Black "Saveliev, Alexei"]
[WhiteFideId "4604350"]
[BlackFideId "24128546"]
[WhiteElo "2157"]
[BlackElo "2271"]
[Result "0-1"]
[Round "07"]
[TimeControl "180+2"]
[Date "2023.05.16"]
[WhiteClock "0:00:04"]
[BlackClock "0:01:02"]

1. e4 g6 2. d4 Bg7 3. Nc3 d6 4. Nf3 Bg4 5. Be3 Nc6 6. Bb5 a6 7. Bxc6+ bxc6 8. h3 Bc8 9. Qd2 Rb8 10. O-O-O a5 11. g4 h5 12. gxh5 Rxh5 13. Ne2 Nf6 14. Nf4 Rhb5 15. b3 Nxe4 16. Qe1 Bf5 17. Nh4 Qc8 18. f3 Nf6 19. c4 Rb4 20. Qc3 a4 21. bxa4 Qa6 22. Kd2 Rxc4 23. Qa3 Rxa4 24. Qc3 Nd5 25. Qc1 Nxf4 26. Bxf4 Rxa2+ 27. Ke1 Qe2# 0-1


[Site "https://www.chess.com"]

[Event "Titled Tuesday Blitz May 16 Late 2023"]
[White "Melikyan, Gnel"]
[Black "Prieto Aranguren, Alain"]
[WhiteFideId "54109990"]
[BlackFideId "2268906"]
[WhiteElo "2138"]
[BlackElo "2209"]
[Result "1/2-1/2"]
[Round "07"]
[TimeControl "180+2"]
[Date "2023.05.16"]
[WhiteClock "0:00:21"]
[BlackClock "0:00:09"]

1. Na3 d5 2. c4 d4 3. e3 e5 4. d3 Nf6 5. Nf3 Nc6 6. Nc2 Bc5 7. a3 a5 8. Be2 O-O 9. O-O Re8 10. b3 Bg4 11. Nfxd4 exd4 12. Bxg4 Nxg4 13. Qxg4 dxe3 14. Bxe3 Bxe3 15. fxe3 Qxd3 16. Qf5 Qxf5 17. Rxf5 Rad8 18. Rd5 Rxd5 19. cxd5 Ne5 20. Nd4 Rd8 21. Rc1 Rd7 22. Rc5 b6 23. Rc3 g6 24. e4 f5 25. exf5 Rxd5 26. Ne6 c5 27. fxg6 hxg6 28. h3 Rd3 29. Rxd3 Nxd3 30. Nc7 Nc1 31. Nd5 b5 32. Nc7 b4 33. axb4 cxb4 34. Kf2 Nxb3 35. Nd5 Nc5 36. Ke3 b3 37. Kd4 b2 38. Nc3 Nb3+ 39. Kd3 Na1 40. Nb1 Nb3 41. Kc3 Nc5 42. Kxb2 Kf7 43. Nd2 Kf6 44. g3 Ke5 45. Nf3+ Ke4 46. Nh4 g5 47. Ng6 Kf3 48. h4 Kg4 49. hxg5 Kxg5 50. Ne5 Ne4 51. Nc4 Nxg3 52. Nxa5 1/2-1/2


[Site "https://www.chess.com"]

[Event "Titled Tuesday Blitz May 16 Late 2023"]
[White "Loiacono, Antonio"]
[Black "Rodriguez Polo, Mateo"]
[WhiteFideId "895415"]
[BlackFideId "24509396"]
[WhiteElo "2257"]
[BlackElo "2117"]
[Result "1/2-1/2"]
[Round "07"]
[TimeControl "180+2"]
[Date "2023.05.16"]
[WhiteClock "0:00:30"]
[BlackClock "0:00:04"]

1. e4 e5 2. Nf3 Nc6 3. Nc3 Nf6 4. Bb5 Bb4 5. O-O O-O 6. d3 Bxc3 7. bxc3 d6 8. Nd2 Ne7 9. d4 Ng6 10. Re1 h6 11. Nf1 c6 12. Bd3 Re8 13. Ng3 Bg4 14. f3 Be6 15. Kh1 Qe7 16. a4 b6 17. a5 b5 18. Ba3 Qc7 19. Nf1 Rad8 20. Ne3 d5 21. exd5 Nxd5 22. Nxd5 Bxd5 23. Bc5 Nf4 24. Bf1 exd4 25. cxd4 Be6 26. Qd2 Bf5 27. c4 Ne6 28. Qc3 Nxc5 29. dxc5 bxc4 30. Bxc4 Rxe1+ 31. Rxe1 Qd7 32. Qb3 Qd2 33. Bxf7+ Kf8 34. Rg1 Rd3 35. Qa2 Qxa2 36. Bxa2 Ra3 37. Bb1 Bxb1 38. Rxb1 Rxa5 39. h3 Rxc5 40. Rb8+ Kf7 41. Rb7+ Kf6 42. Rxa7 Rc2 43. Kh2 c5 44. Kg3 c4 45. Rc7 c3 46. h4 g6 47. Rh7 Rd2 48. Rc7 c2 49. f4 Ke6 50. Kf3 Kd6 51. Rc8 Kd7 52. Rc4 Kd6 53. g4 h5 54. gxh5 gxh5 55. Ke3 Rh2 56. f5 Ke5 57. Rc5+ Kf6 58. Kf3 Rxh4 59. Rxc2 Rg4 60. Rc5 Rg5 61. Kf4 Rg4+ 62. Kf3 Rg5 63. Rc8 Rxf5+ 64. Kg3 Rg5+ 65. Kh4 Rg4+ 66. Kxh5 Ra4 67. Rf8+ Ke5 68. Kg5 Kd6 69. Re8 Kc5 70. Kf5 Kb5 71. Ke5 Rc4 72. Kd5 Rc5+ 73. Kd4 Rc4+ 74. Kd3 Rc5 75. Rb8+ Kc6 76. Kd4 Rd5+ 77. Kc4 Rc5+ 78. Kb4 Rh5 79. Rc8+ Kd7 80. Rc4 Rg5 81. Rh4 Kd6 82. Kc4 Ke6 83. Kd4 Kf5 84. Rh8 Rg4+ 85. Kd5 Rg5 86. Rf8+ Kg4+ 87. Ke4 Rg7 88. Re8 Rg6 89. Re7 Rg8 90. Re6 Rg5 91. Re8 Rg7 92. Ke3 Rg5 93. Re4+ Kh5 94. Kf3 Kg6 95. Re6+ Kf7 96. Ra6 Rg6 97. Ra7+ Kf6 98. Kf4 Rh6 99. Ra6+ Kg7 100. Ra7+ Kg6 101. Kg4 Rh7 102. Ra6+ Kg7 103. Kg5 Kg8 104. Ra8+ Kf7 105. Ra7+ Kg8 106. Ra8+ Kf7 107. Ra5 Kg8 108. Kf6 Rf7+ 109. Kg6 Rg7+ 110. Kf6 Rf7+ 111. Ke6 Rg7 112. Ra8+ Kh7 113. Kf6 Rg6+ 114. Kf5 Rg7 115. Ra1 Kg8 116. Ke6 1/2-1/2


[Site "https://www.chess.com"]

[Event "Titled Tuesday Blitz May 16 Late 2023"]
[White "Tristan, Leonardo"]
[Black "Ognean, Mihnea-Ionut"]
[WhiteFideId "113816"]
[BlackFideId "1232347"]
[WhiteElo "2461"]
[BlackElo "2215"]
[Result "1-0"]
[Round "07"]
[TimeControl "180+2"]
[Date "2023.05.16"]
[WhiteClock "0:00:14"]
[BlackClock "0:00:29"]

1. d4 Nf6 2. Nf3 g6 3. Bf4 Bg7 4. e3 O-O 5. Be2 d6 6. O-O Nbd7 7. h3 b6 8. a4 a6 9. Bh2 Bb7 10. Nbd2 c5 11. c3 Rc8 12. Bd3 Rc7 13. Qe2 Qa8 14. e4 cxd4 15. cxd4 Rcc8 16. e5 Nd5 17. e6 N7f6 18. exf7+ Rxf7 19. Ng5 Rff8 20. Rfc1 Rxc1+ 21. Rxc1 Kh8 22. Ne6 Rc8 23. Re1 Bh6 24. Ne4 Nb4 25. Nxf6 Nxd3 26. Qxd3 exf6 27. Bxd6 Bd5 28. Bf4 Bxe6 29. Bxh6 Qd5 30. Qxa6 g5 31. Qxb6 Re8 32. Qc7 Qd7 33. Rxe6 1-0


[Site "https://www.chess.com"]